 Dungeon Crawl Stone Soup version 0.27-a0-1217-g8a41f320e8 (webtiles) character file.

Game seed: 5114705544988420505

4422 mandarbmax the Arsonist (level 10, 0/84 HPs)
             Began as a Naga Fire Elementalist on June 5, 2021.
             Was a Believer of Cheibriados.
             Slain by a two-headed ogre
             ... wielding a +0 giant club
              (17 damage)
             ... on level 9 of the Dungeon on June 6, 2021.
             The game lasted 00:24:13 (11481 turns).

mandarbmax the Arsonist (Naga Fire Elementalist)   Turns: 11481, Time: 00:24:14

Health: 0/84       AC: 14    Str: 16    XL:     10   Next: 36%
Magic:  8/14       EV:  9    Int: 28    God:    Cheibriados [**....]
Gold:   295        SH:  0    Dex: 15    Spells: 4/15 levels left

rFire    + . .     SeeInvis +   h - staff of fire
rCold    . . .     Faith    +   (no shield)
rNeg     . . .     Spirit   .   a - +2 robe {Will+}
rPois    +         Reflect  .   x - +0 helmet
rElec    .         Harm     .   (no cloak)
rCorr    .         Rampage  .   (no gloves)
Will     ++...                  b - +3 barding {Fly}
Stlth    ++........             l - amulet of faith
HPRegen  0.24/turn              d - +6 ring of intelligence
MPRegen  0.14/turn              k - ring of wizardry

@: flying, very slow
A: AC +3, large, see invisible, deformed body, poison resistance, slowness 2,
spit poison 1, naga tail 1
a: Spit Poison, Renounce Religion, Bend Time


You were on level 9 of the Dungeon.
You worshipped Cheibriados.
Cheibriados was pleased with you.
You visited 2 branches of the dungeon, and saw 10 of its levels.

You collected 335 gold pieces.
You spent 40 gold pieces at shops.

Inventory:

Missiles
 o - 8 atropa-tipped darts
Armour
 a - a +2 robe of willpower (worn)
 b - a +3 barding of flying (worn)
 e - a +2 robe of cold resistance
 x - a +0 helmet (worn)
Magical Staves
 h - a staff of fire (weapon)
Jewellery
 d - a +6 ring of intelligence (left hand)
 k - a ring of wizardry (right hand)
 l - an amulet of faith (around neck)
 p - an amulet of the acrobat
 r - a ring of resist corrosion
 y - a ring of protection from cold
 A - a ring of magical power
Wands
 j - a wand of iceblast (17)
 q - a wand of digging (12)
Scrolls
 g - a scroll of magic mapping {unknown}
 i - 2 scrolls of enchant weapon
 m - a scroll of vulnerability {unknown}
 t - 2 scrolls of amnesia
 w - a scroll of teleportation {unknown}
 z - a scroll of brand weapon {unknown}
Potions
 c - a potion of flight
 f - a potion of invisibility
 n - a potion of attraction
 s - a potion of brilliance
 u - 3 potions of might
 v - a potion of lignification


   Skills:
 + Level 3.3 Fighting
 - Level 4.0 Staves
 + Level 3.5 Dodging
 - Level 3.0 Stealth
 - Level 3.0 Spellcasting
 - Level 9.0 Conjurations
 - Level 9.0 Fire Magic
 - Level 4.0 Evocations


You had 4 spell levels left.
You knew the following spells:

 Your Spells              Type           Power      Damage    Failure   Level
a - Foxfire               Conj/Fire      100%       2x1d9     1%          1
b - Sticky Flame          Conj/Fire      69%        2d8       1%          4
c - Fireball              Conj/Fire      34%        3d14      2%          5
z - Animate Skeleton      Necr           8%         N/A       3%          1

Your spell library contained the following spells:

 Spells                   Type           Power      Damage    Failure   Level
 Magic Dart               Conj           100%       1d8       1%          1
 Conjure Flame            Conj/Fire      69%        6-21      1%          3
 Inner Flame              Hex/Fire       44%        N/A       1%          3
 Mephitic Cloud           Conj/Pois/Air  21%        N/A       2%          3
 Apportation              Tloc           8%         N/A       3%          1
 Corona                   Hex            4%         N/A       3%          1
 Summon Small Mammal      Summ           16%        N/A       3%          1
 Blink                    Tloc           N/A        N/A       4%          2
 Call Imp                 Summ           4%         N/A       4%          2
 Slow                     Hex            4%         N/A       4%          2
 Call Canine Familiar     Summ           4%         N/A       10%         3
 Summon Guardian Golem    Hex/Summ       4%         N/A       10%         3
 Summon Ice Beast         Ice/Summ       4%         N/A       32%         4
 Summon Lightning Spire   Summ/Air       4%         N/A       32%         4


Dungeon Overview and Level Annotations

Branches:
Dungeon (9/15)             Temple (1/1) D:7            Lair (0/6) D:8
    Orc: D:9-12

Altars:
Ashenzari
Cheibriados
Dithmenos
Fedhas
Hepliaklqana
Kikubaaqudgha
Nemelex Xobeh
Sif Muna
Trog
Uskayaw
Vehumet
The Shining One

Shops:
D:1 ?   D:2 ?   D:7 :

Annotations:
D:3 2 transporters, reriks's ghost, amateur SpCj


Innate Abilities, Weirdness & Mutations

Your serpentine skin is tough. (AC +3)
You have supernaturally acute eyesight. (SInv)
Armour fits poorly on your strangely shaped body.
Your system is resistant to poisons. (rPois)
You cover ground very slowly.
You can spit poison.
You have a snake-like lower body.


Message History

Confirm with . or Enter, or press ? or * to list all spells.
Aiming: Fireball (dangerous; 2% risk of failure)
Press: ? - help, Shift-Dir - straight line, f - two-headed ogre
Aim: a two-headed ogre, wielding a +0 giant club and a +0 giant spiked club (asleep)
Okay, then.
There is an open door here.
The two-headed ogre shouts in stereo!
The two-headed ogre hits you with a +0 giant club!!
The two-headed ogre hits you but does no damage.
Casting: Fireball (dangerous; 2% risk of failure)
Confirm with . or Enter, or press ? or * to list all spells.
Aiming: Sticky Flame (mildly dangerous; 1% risk of failure)
Press: ? - help, Shift-Dir - straight line, f - two-headed ogre
Aim: a two-headed ogre, wielding a +0 giant club and a +0 giant spiked club (100% to hit)
You feel a surge of power!
The sticky flame hits the two-headed ogre!
The two-headed ogre is lightly wounded.
The two-headed ogre is covered in liquid flames!
The two-headed ogre burns!
The two-headed ogre hits you with a +0 giant club!
The two-headed ogre hits you with a +0 giant spiked club!
Unknown command.
Okay, then.
You are too injured to fight recklessly!
Casting: Sticky Flame (mildly dangerous; 1% risk of failure)
Confirm with . or Enter, or press ? or * to list all spells.
You feel a surge of power!
You conjure some foxfire!
The two-headed ogre burns!
Unknown command.
Unknown command.
Casting: Foxfire (safe; 1% risk of failure)
Confirm with . or Enter, or press ? or * to list all spells.
You feel a surge of power!
You conjure some foxfire!
The two-headed ogre burns!
The foxfire hits the two-headed ogre.
The two-headed ogre is heavily wounded.
The foxfire hits the two-headed ogre but does no damage.
The two-headed ogre is heavily wounded.
The two-headed ogre hits you with a +0 giant club!!
* * * LOW HITPOINT WARNING * * *
The two-headed ogre hits you with a +0 giant spiked club!
You die...

#.# #.#
#.# #.#
#.# #.#
#.#
###ยง###
#.v@..#
+..Ov.+
#.....#
#.....#
####+##


You could see a two-headed ogre (burning, ally target).

Vanquished Creatures
  An ugly thing (D:9)
  A komodo dragon (D:8)
  Grinder (D:4)
  Sigmund (D:3)
  A wyvern (D:8)
  3 yaks (D:8)
  Duvessa (D:5)
  3 water moccasins
  An orc warrior (D:8)
  An ice beast (D:6)
  2 ogres (D:6)
  2 centaurs
  Blork the orc (D:4)
  A bullfrog (D:6)
  A gnoll sergeant (D:6)
  3 scorpions (D:4)
  Dowan (D:5)
  A wyvern zombie (D:7)
  11 killer bees
  7 wights
  A hound (D:5)
  2 orc priests
  2 bullfrog skeletons
  2 iguanas
  A centaur skeleton (D:4)
  7 orc wizards
  A killer bee zombie (D:7)
  5 gnolls (D:6)
  8 adders
  2 white imps (D:6)
  An ufetubus (D:4)
  An adder skeleton (D:4)
  3 worms
  2 dart slugs
  16 orcs
  6 ball pythons
  2 bat zombies (D:3)
  6 endoplasms
  5 giant cockroaches
  5 goblins
  6 hobgoblins
  2 jackals (D:2)
  6 kobolds
  3 quokkas
  5 bats
  4 frilled lizards (D:2)
  2 rats (D:3)
  4 rat zombies (D:3)
154 creatures vanquished.

Vanquished Creatures (collateral kills)
  A foxfire (D:8)
1 creature vanquished.

Vanquished Creatures (others)
  698 foxfires
  39 plants (D:8)
737 creatures vanquished.

Grand Total: 892 creatures vanquished

Notes
Turn   | Place    | Note
-------+----------+-------------------------------------------
     0 | D:1      | mandarbmax the Naga Fire Elementalist began the quest for
                  | the Orb.
     0 | D:1      | Reached XP level 1. HP: 15/15 MP: 3/3
   309 | D:1      | Found Ivvikeqi's Magic Scroll Emporium.
   427 | D:1      | Reached XP level 2. HP: 22/22 MP: 0/5
  1402 | D:2      | Reached XP level 3. HP: 21/28 MP: 0/6
  1502 | D:2      | Found Haymivop's Magic Scroll Emporium.
  1777 | D:1      | Bought a scroll of identify for 20 gold pieces
  1782 | D:1      | Bought a scroll of identify for 20 gold pieces
  2317 | D:3      | Found a transporter.
  2387 | D:3      | Found a transporter.
  2392 | D:3      | Noticed reriks's ghost (amateur SpCj)
  2711 | D:3      | Reached XP level 4. HP: 36/36 MP: 2/7
  2769 | D:3      | Learned a level 4 spell: Sticky Flame
  2997 | D:3      | Found a faded altar of an unknown god.
  3221 | D:3      | Found an ancient bone altar of Kikubaaqudgha.
  3552 | D:3      | Noticed Sigmund
  3553 | D:3      | Identified a scroll of acquirement
  3553 | D:3      | Acquired a +1 barding of flying
  3603 | D:3      | Killed Sigmund
  3604 | D:3      | Reached skill level 5 in Fire Magic
  3604 | D:3      | Reached XP level 5. HP: 23/42 MP: 5/8
  3604 | D:3      | Reached XP level 6. HP: 26/49 MP: 5/9
  4087 | D:4      | Noticed Blork the orc
  4094 | D:4      | Killed Blork the orc
  4463 | D:4      | Reached XP level 7. HP: 55/55 MP: 3/10
  4467 | D:4      | Reached skill level 5 in Conjurations
  4957 | D:4      | Learned a level 5 spell: Fireball
  5348 | D:4      | Noticed Grinder
  5352 | D:4      | Killed Grinder
  5353 | D:4      | Reached XP level 8. HP: 62/62 MP: 0/11
  5827 | D:5      | Entered Level 5 of the Dungeon
  6098 | D:5      | Noticed Dowan
  6103 | D:5      | Noticed Duvessa
  6109 | D:5      | Killed Duvessa
  6112 | D:5      | Killed Dowan
  7582 | D:6      | Reached XP level 9. HP: 68/68 MP: 2/12
  8305 | D:6      | Learned a level 1 spell: Animate Skeleton
  8575 | D:7      | Found a staircase to the Ecumenical Temple.
  8581 | Temple   | Entered the Ecumenical Temple
  8610 | Temple   | Became a worshipper of Cheibriados the Contemplative
  8736 | D:7      | Found Ecagif's Book Shop.
  9782 | D:8      | Reached * piety under Cheibriados
  9882 | D:8      | Noticed a komodo dragon
  9890 | D:8      | Killed a komodo dragon
  9891 | D:8      | Reached skill level 1 in Staves
 10058 | D:8      | Found a staircase to the Lair.
 10365 | D:8      | Reached XP level 10. HP: 44/75 MP: 6/14
 10535 | D:8      | Reached skill level 1 in Fighting
 11064 | D:8      | Reached ** piety under Cheibriados
 11339 | D:9      | Noticed a white ugly thing
 11347 | D:9      | Killed a white ugly thing
 11476 | D:9      | Noticed a two-headed ogre
 11481 | D:9      | Slain by a two-headed ogre

Illustrated notes

Levels and vault maps discovered:
D:1:      roderic_dead_forest, layout_basic, serial_shops, shop
D:2:      layout_basic, serial_shops, shop, serial_curves, eino_curves_01,
          eino_curves_01
D:3:      layout_basic, lemuel_zombie_altar_kikubaaqudgha,
          hellmonk_ecumenical_altar_arch_garden, gammafunk_ghost_stat_death,
          nrook_loot_triangle, grunt_ministairs_7, uniq_sigmund
D:4:      layout_layer_cave, minmay_quadrilaterals, uniq_blork_the_orc,
          uniq_grinder
D:5:      layout_loops_ring, uniq_duvessa
D:6:      layout_loops_cross, grunt_ministairs_10
D:7:      layout_basic, minmay_temple_entry_hall, serial_shops, shop_fountains,
          amethyst_killhole
D:8:      layout_rooms, david_lair_shrubbed
D:9:      layout_roguey [special_room_kobold], david_orc_1_choice, minivault_16,
          minmay_ruffians, uniq_prince_ribbit1
Temple:   nicolae_temple_the_god_donut

Skill      XL: |  1  2  3  4  5  6  7  8  9 10 |
---------------+-------------------------------+-----
Dodging        | 2 3 |  3.5
Conjurations   | 2 4 6 7 9 |  9.0
Fire Magic     | 5 6 8 9 |  9.0
Spellcasting   | 3 |  3.0
Evocations     | 4 |  4.0
Staves         | 4 |  4.0
Fighting       | 3 |  3.3
Stealth        | |  3.0

Action                   |  1- 3 |  4- 6 |  7- 9 | 10-12 || total
-------------------------+-------+-------+-------+-------++-------
Melee: Unarmed           |     5 |       |       |       ||     5
       Staff             |     6 |     1 |    41 |     3 ||    51
 Cast: Foxfire           |    81 |   105 |   155 |    62 ||   403
       Sticky Flame      |       |     1 |    17 |     3 ||    21
       Fireball          |       |       |    13 |     1 ||    14
 Abil: Spit Poison       |     7 |     8 |    20 |     1 ||    36
  Use: Scroll            |     6 |     5 |     6 |       ||    17
       Potion            |       |     3 |     2 |       ||     5
 Stab: Sleeping          |     1 |       |       |       ||     1
       Invisible         |       |       |     1 |       ||     1
Armor: Robe              |     7 |     3 |    59 |     5 ||    74
       Skin              |       |     3 |       |       ||     3
Dodge: Dodged            |     8 |    15 |    47 |     1 ||    71

Table legend: (Time is in decaauts)
 A = Elapsed time spent in this place.
 B = Non-inter-level travel time spent in this place.
 C = Inter-level travel time spent in this place.
 D = Time resting spent in this place.
 E = Time spent auto-exploring this place.
 F = Levels seen in this place.
 G = Mean time per level.
                   A        B        C        D        E       F      G
               +--------+--------+--------+--------+--------+-----+--------+
         Total |  14253 |  13693 |    560 |   3080 |   9388 |  10 | 1425.3 |
       Dungeon |  14176 |  13653 |    523 |   3080 |   9367 |   9 | 1575.1 |
        Temple |     77 |     41 |     36 |      0 |     21 |   1 |   77.0 |
               +--------+--------+--------+--------+--------+-----+--------+

Top non-repeatable levels by time:
     D:7: 2352 daAuts
     D:4: 2220 daAuts
     D:3: 1930 daAuts
     D:6: 1924 daAuts
     D:2: 1874 daAuts
     D:8: 1669 daAuts
     D:1: 995 daAuts
     D:5: 986 daAuts
     D:9: 222 daAuts
  Temple: 77 daAuts
